 Dungeon Crawl Stone Soup version 0.20.0-15-g7f486f2 (webtiles) character file.

41 Sunburn the Firebug (level 3, -4/35 HPs)
             Began as an Ogre Fire Elementalist on June 24, 2017.
             Slain by a two-headed ogre
             ... wielding a +0 giant club
              (17 damage)
             ... on level 3 of the Dungeon.
             The game lasted 00:09:16 (1738 turns).

Sunburn the Firebug (Ogre Fire Elementalist)        Turns: 1738, Time: 00:09:18

Health: -4/35      AC:  3    Str: 12    XL:     3   Next: 52%
Magic:  7/7        EV: 10    Int: 17    God:
Gold:   74         SH:  0    Dex:  9    Spells: 2/8 levels left

rFire    . . .     SeeInvis .   o - +0 lajatang
rCold    . . .     Gourm    .   (shield currently unavailable)
rNeg     . . .     Faith    .   a - +0 robe
rPois    .         Spirit   .   (helmet restricted)
rElec    .         Reflect  .   (no cloak)
rCorr    .         Harm     .   (gloves unavailable)
MR       .....                  (boots unavailable)
Stlth    +.........             (no amulet)
Regen    0.2/turn               (no ring)
MPRegen  0.1/turn               (no ring)

@: no status effects
A: unfitting armour, tough skin 1
a: no special abilities


You were on level 3 of the Dungeon.
You were not hungry.

You visited 1 branch of the dungeon, and saw 3 of its levels.

You collected 74 gold pieces.

Inventory:

Hand Weapons
 m - a +0 club
 o - a +0 lajatang (weapon)
Missiles
 g - 98 stones (quivered)
Armour
 a - a +0 robe (worn)
Jewellery
 e - a +6 ring of protection {unknown}
Scrolls
 j - a scroll of teleportation
 l - a scroll of remove curse
 q - a scroll of noise {unknown}
 r - a scroll of identify
 s - a scroll of magic mapping {unknown}
Potions
 i - a potion of ambrosia
 k - a potion of flight
 n - 2 potions of heal wounds
 p - a potion of curing {unknown}
Books
 b - a book of Flames

   Spells                             Type                      Level
   a - Flame Tongue                   Conjuration/Fire             1
   b - Throw Flame                    Conjuration/Fire             2
   c - Conjure Flame                  Conjuration/Fire             3
   d - Inner Flame                    Hexes/Fire                   3
   e - Sticky Flame                   Conjuration/Fire             4
   f - Fireball                       Conjuration/Fire             5
Comestibles
 c - 2 bread rations
 d - 2 royal jellies
 f - 2 meat rations
 h - 4 chunks of flesh


   Skills:
 + Level 1.8 Fighting
 + Level 0.2 Staves
 - Level 1.7 Dodging
 - Level 1.4 Stealth
 * Level 3.0 Spellcasting
 * Level 1.3 Conjurations
 * Level 3.1 Fire Magic


You had 2 spell levels left.
You knew the following spells:

 Your Spells              Type           Power        Failure   Level  Hunger
a - Flame Tongue          Conj/Fire      ##...        7%          1    None
b - Throw Flame           Conj/Fire      ##....       11%         2    ##.....
c - Conjure Flame         Conj/Fire      ##......     21%         3    ###....


Dungeon Overview and Level Annotations

Branches:
Dungeon (3/15)

Altars:
Hepliaklqana


Innate Abilities, Weirdness & Mutations

You are too large for most types of armour.
You have tough skin. (AC +1)


Message History

As you read the scroll of teleportation, it crumbles to dust.
You feel strangely unstable.
The hobgoblin shouts!
Your surroundings suddenly seem different.
Found 24 arrows.
A hobgoblin comes into view. It is wielding a club.
The hobgoblin moves out of view.
There is a stone staircase leading up here.
You climb upwards.
There is a stone staircase leading down here.
There is a stone staircase leading up here.
There is a stone staircase leading down here.
You climb downwards.
A hobgoblin comes into view.
The hobgoblin shouts!
The two-headed ogre shouts in stereo!
The hobgoblin shouts!
The two-headed ogre hits you with a giant club!!
Ouch! That really hurt!
The two-headed ogre hits you with a giant club!
You die...

#####..# ..
#....#
##.##.#.##
#...g.....#
#.........#
#.........# #
#.........##.#
#.......O....#
####.w..#@##
#....#.# ..#
...> ....g
.......
........
........##


You could see a two-headed ogre and 2 hobgoblins.

Vanquished Creatures
  An adder (D:3)
  2 dart slugs (D:2)
  A leopard gecko (D:2)
  A ball python (D:2)
  A giant cockroach (D:2)
  4 hobgoblins
  4 kobolds
  3 bats (D:1)
  3 frilled lizards
  4 goblins
  2 rats (D:2)
26 creatures vanquished.

Notes
Turn   | Place    | Note
-------+----------+-------------------------------------------
     0 | D:1      | Sunburn the Ogre Fire Elementalist began the quest for the Orb.
     0 | D:1      | Reached XP level 1. HP: 16/16 MP: 3/3
    42 | D:1      | Reached skill level 1 in Fighting
   310 | D:1      | Reached skill level 1 in Conjurations
   410 | D:1      | Reached XP level 2. HP: 22/27 MP: 0/5
   576 | D:1      | Learned a level 2 spell: Throw Flame
  1426 | D:2      | Reached XP level 3. HP: 35/35 MP: 7/7
  1547 | D:2      | Learned a level 3 spell: Conjure Flame
  1653 | D:3      | Found a hazy altar of Hepliaklqana.
  1711 | D:3      | Noticed a two-headed ogre
  1738 | D:3      | Slain by a two-headed ogre

Skill      XL: |  1  2  3 |
---------------+----------+-----
Fighting       | 1 |  1.8
Conjurations   | 1 |  1.3
Spellcasting   | 3 |  3.0
Fire Magic     | 3 |  3.1
Staves         | |  0.2
Dodging        | |  1.7
Stealth        | |  1.4

Action                   || total
-------------------------++-------
Melee: Unarmed           ||    12
       Lajatang          ||    19
Throw: Stone             ||    13
 Cast: Flame Tongue      ||    20
       Throw Flame       ||     6
  Use: Potion            ||     1
       Scroll            ||     6
  Eat: Bread ration      ||     1
Armor: Robe              ||    23
Dodge: Dodged            ||    49
